Map: Old Republic LE

Players

herO

  • Race: Protoss Protoss

Solar - Winner!

  • Race: Zerg Zerg

VOD

Have the link to the VOD?

Description

Time

  • Played on: Jan. 17, 2026, 10:37 p.m.
  • Length: 12:26
Show
View Real Time Build Order
Export as new Build Order

herO Protoss 

Build Orders: 1 Gate Expand, Oracle Opening, Archon Immortal 

Get SALT Encoding   

  12  0:00  Probe  
  13  0:12  Probe  
  14  0:19  Pylon  
  14  0:24  Probe  
  15  0:35  Probe  
  15  0:37  Gateway  
  16  0:43  Probe  
  16  0:44  Assimilator  
  17  0:52  Probe  
  18  1:04  Probe  
  19  1:16  Probe  
  20  1:24  Cybernetics Core  
  20  1:31  Nexus  
  20  1:39  Pylon  
  20  1:41  Probe  
  20  1:46  Assimilator  
  21  1:50  Adept  
  21  1:53  Probe  
  24  2:05  Probe  
  25  2:10  Adept  
  25  2:15  Stargate  
  25  2:17  Probe  
  28  2:29  Warp Gate, Probe  
  29  2:40  Adept  
  29  2:41  Probe  
  29  2:43  Probe  
  32  2:49  Probe  
  33  2:55  Probe  
  33  2:56  Oracle  
  35  2:59  Probe  
  39  3:07  Probe  
  39  3:10  Adept  
  39  3:11  Probe  
  41  3:21  Probe  
  41  3:23  Probe  
  41  3:24  Pylon  
  43  3:33  Probe  
  44  3:35  Probe  
  45  3:41  Oracle  
  45  3:46  Nexus  
  48  3:49  Probe x2  
  50  3:58  Pylon x2  
  50  4:04  Probe  
  50  4:09  Oracle  
  49  4:14  Assimilator  
  49  4:15  Probe  
  49  4:16  Assimilator, Probe  
  49  4:18  Adept  
  52  4:24  Gateway  
  52  4:27  Probe  
  52  4:28  Probe  
  54  4:33  Twilight Council  
  54  4:37  Gateway  
  54  4:39  Adept  
  54  4:40  Probe  
  54  4:41  Probe  
  58  4:52  Oracle  
  57  4:53  Probe  
  57  4:54  Probe  
  57  4:58  Forge  
  57  5:01  Probe  
  57  5:05  Probe  
  62  5:10  Pylon, Adept  
  62  5:12  Probe x2  
  65  5:17  Probe  
  65  5:21  Probe  
  67  5:23  Adept  
  67  5:24  Probe  
  71  5:28  Protoss Ground Weapons Level 1  
  71  5:29  Charge  
  71  5:30  Probe  
  71  5:31  Probe, Adept  
  75  5:36  Probe  
  75  5:39  Probe  
  75  5:41  Robotics Facility  
  75  5:42  Probe  
  77  5:47  Probe  
  77  5:49  Probe  
  79  5:53  Stalker  
  79  5:54  Probe  
  83  5:57  Probe  
  83  6:00  Gateway  
  83  6:01  Gateway, Probe  
  85  6:06  Probe  
  85  6:07  Adept  
  88  6:11  Probe  
  88  6:13  Probe, Pylon  
  88  6:18  Probe, Gateway  
  91  6:28  Gateway x2  
  91  6:32  Templar Archives  
  91  6:33  Warp Prism  
  91  6:35  Gateway  
  91  6:38  Gateway, Assimilator  
  93  6:41  Assimilator  
  93  6:42  Probe x2  
  93  6:45  Pylon  
  95  6:48  Robotics Facility  
  95  7:01  Probe  
  96  7:03  Photon Cannon, Observer  
  96  7:05  Pylon  
  96  7:08  Pylon  
  97  7:16  Phoenix  
  97  7:17  Zealot x5  
  97  7:21  Immortal  
  107  7:28  Stargate, Protoss Ground Weapons Level 2  
  105  7:37  Pylon  
  105  7:39  Photon Cannon  
  105  7:42  Probe  
  106  7:44  High Templar x3, Photon Cannon  
  106  7:45  Phoenix, High Templar  
  106  7:47  Photon Cannon  
  106  7:49  Archon  
  106  7:50  Archon  
  116  8:00  Immortal  
  116  8:04  Immortal  
  124  8:06  Phoenix  
  124  8:12  Phoenix  
  125  8:25  Pylon x2  
  125  8:26  Pylon, Phoenix  
  127  8:28  Pylon  
  129  8:35  Nexus, Phoenix  
  129  8:37  Pylon  
  129  8:38  Pylon  
  130  8:51  Phoenix  
  132  9:00  Phoenix  
  134  9:03  Zealot x7  
  134  9:07  Zealot x2  
  146  9:15  Phoenix  
  144  9:19  Immortal  
  120  9:25  Phoenix  
  120  9:30  Immortal  
  112  9:31  Zealot x2  
  112  9:35  Zealot x4  
  119  9:40  Phoenix  
  119  9:41  High Templar x2  
  119  9:42  Zealot  
  123  9:50  Phoenix, Archon  
  120  9:53  Zealot x2  
  116  10:01  Zealot x4  
  116  10:05  Phoenix  
  112  10:09  Zealot  
  95  10:15  Phoenix  
  95  10:17  Zealot  
  88  10:28  Zealot x3  
  88  10:29  Zealot  
  92  10:37  Zealot  
  92  10:38  Zealot x2  
  92  10:42  Probe x2, Zealot  
  100  10:46  Probe  
  102  10:50  Probe x2  
  102  10:53  Psionic Storm  
  102  10:54  Probe  
  105  10:57  High Templar x4  
  105  10:59  Probe x2  
  105  11:01  Archon x2  
  116  11:05  Probe  
  116  11:11  Probe x2  
  119  11:17  Probe  
  121  11:37  High Templar  
  121  11:38  Zealot x5  
  132  11:40  High Templar  
  132  11:56  Stalker x2  
  132  12:00  Zealot x5  
  122  12:13  Zealot x2  
Show
View Real Time Build Order
Export as new Build Order

Solar Zerg - Winner!

Build Orders: Hatch First 

Get SALT Encoding   

  12  0:00  Drone  
  13  0:08  Drone  
  14  0:14  Extractor  
  14  0:15  Drone  
  15  0:34  Hatchery  
  14  0:38  Extractor  
  14  0:39  Drone  
  15  0:45  Overlord  
  17  1:04  Drone x3  
  17  1:10  Spawning Pool  
  17  1:14  Extractor  
  17  1:16  Drone  
  17  1:26  Drone  
  18  1:36  Drone  
  19  1:46  Drone  
  20  1:47  Drone  
  21  1:56  Queen  
  21  1:57  Queen, Zergling x2  
  21  2:01  Overlord  
  26  2:09  Drone x2  
  28  2:19  Metabolic Boost  
  28  2:21  Zergling x2, Drone  
  30  2:32  Queen  
  32  2:42  Hatchery  
  31  2:44  Drone  
  31  2:47  Overlord  
  31  2:51  Drone  
  32  2:52  Zergling x2  
  32  2:54  Zergling x2  
  32  2:56  Drone  
  35  3:08  Zergling x2  
  35  3:09  Drone x4  
  35  3:12  Drone x2  
  41  3:14  Drone  
  40  3:21  Zergling x2  
  40  3:22  Zergling x2  
  42  3:28  Queen  
  42  3:32  Spore Crawler  
  42  3:33  Drone  
  44  3:39  Overlord  
  44  3:40  Overlord  
  44  3:53  Queen  
  44  3:55  Zergling x6  
  48  3:56  Drone  
  48  3:57  Drone  
  48  3:58  Zergling x6  
  53  4:03  Spore Crawler  
  53  4:06  Evolution Chamber  
  53  4:07  Drone x3  
  54  4:17  Drone x5  
  57  4:21  Drone  
  56  4:26  Drone  
  56  4:28  Drone  
  58  4:33  Overlord  
  58  4:36  Spore Crawler  
  57  4:40  Drone x2  
  59  4:45  Zergling x2  
  59  4:49  Zergling x4  
  59  4:50  Zergling x10  
  65  4:56  Hatchery  
  65  4:57  Drone x2  
  65  4:59  Drone  
  63  5:01  Drone x2  
  63  5:06  Lair  
  65  5:07  Drone  
  65  5:09  Drone  
  65  5:12  Drone, Extractor  
  67  5:19  Queen, Roach Warren  
  68  5:21  Overlord  
  68  5:23  Drone  
  68  5:25  Drone  
  69  5:30  Zergling x10  
  69  5:33  Zergling x2  
  73  5:38  Overlord  
  73  5:39  Queen  
  73  5:40  Zergling x4  
  73  5:42  Zergling x4  
  78  5:44  Zergling x2  
  78  5:45  Extractor  
  78  5:47  Overlord  
  78  5:50  Drone  
  78  5:52  Drone x3  
  82  5:58  Drone x3  
  82  5:59  Drone x2  
  82  6:01  Extractor  
  82  6:03  Drone x2  
  88  6:04  Extractor  
  88  6:09  Spire  
  88  6:11  Drone x4  
  90  6:12  Drone  
  90  6:14  Overlord  
  90  6:17  Overlord  
  91  6:19  Drone  
  91  6:21  Drone  
  91  6:24  Drone x2  
  91  6:25  Drone x2, Extractor  
  93  6:30  Evolution Chamber  
  93  6:32  Drone x3  
  95  6:33  Drone x2  
  95  6:34  Glial Reconstitution  
  95  6:37  Overlord  
  95  6:39  Drone  
  98  6:43  Overseer  
  98  6:45  Overlord, Drone  
  98  6:47  Drone  
  100  6:49  Extractor, Overlord  
  100  6:52  Roach x3  
  100  6:53  Drone  
  106  7:00  Drone  
  104  7:01  Overlord  
  104  7:07  Overlord  
  104  7:09  Spore Crawler  
  104  7:14  Zergling x4  
  105  7:15  Drone  
  105  7:18  Mutalisk x7  
  105  7:19  Evolution Chamber  
  118  7:23  Mutalisk x2  
  118  7:25  Drone x2  
  118  7:29  Drone  
  122  7:31  Roach x3  
  122  7:32  Drone  
  127  7:37  Overlord  
  127  7:40  Overlord  
  127  7:41  Roach x3  
  133  7:46  Overlord  
  133  7:49  Zerg Missile Weapons Level 1  
  133  7:50  Roach x2  
  137  7:53  Overlord  
  137  7:55  Overlord  
  137  7:59  Roach x3  
  142  8:06  Overlord  
  142  8:14  Roach x9  
  160  8:20  Roach x4  
  168  8:28  Roach x5  
  178  8:35  Ravager x4  
  178  8:36  Ravager x2  
  178  8:40  Roach x4  
  192  8:41  Overlord  
  192  8:42  Overlord  
  192  8:43  Overlord  
  192  8:45  Overlord  
  192  8:49  Overlord  
  192  8:51  Queen  
  188  8:57  Ravager x4  
  188  8:59  Queen  
  188  9:00  Roach x3  
  198  9:06  Roach  
  200  9:12  Queen  
  200  9:16  Roach x2  
  189  9:19  Roach x6, Queen  
  189  9:22  Roach  
  189  9:23  Roach  
  177  9:26  Zergling x6  
  177  9:27  Zergling x2  
  177  9:30  Ravager  
  177  9:31  Ravager  
  181  9:32  Roach x2  
  181  9:35  Roach x2  
  187  9:41  Roach x5, Zergling x2  
  187  9:45  Queen  
  195  9:48  Zergling x2, Hydralisk Den  
  195  9:50  Roach  
  195  9:52  Roach  
  193  9:54  Roach  
  193  9:56  Roach x2  
  193  9:58  Roach  
  193  9:59  Roach  
  190  10:01  Roach  
  190  10:02  Roach  
  174  10:07  Roach  
  174  10:08  Roach  
  174  10:10  Roach  
  174  10:11  Roach  
  174  10:13  Roach, Zergling x2  
  164  10:17  Zergling x6  
  164  10:20  Roach x2  
  155  10:22  Grooved Spines  
  155  10:23  Hydralisk  
  146  10:28  Hydralisk x3  
  146  10:33  Hydralisk x2  
  145  10:44  Hydralisk x8  
  161  10:51  Hydralisk x3  
  161  10:52  Hydralisk  
  161  10:55  Hydralisk  
  169  10:59  Hydralisk x2  
  169  11:00  Zergling x2  
  170  11:05  Hydralisk x2  
  174  11:11  Hydralisk  
  174  11:12  Muscular Augments  
  174  11:15  Roach x4  
  180  11:19  Hydralisk  
  180  11:20  Zergling x4  
  180  11:23  Hydralisk  
  180  11:26  Hydralisk  
  180  11:27  Roach  
  180  11:28  Extractor  
  180  11:30  Zergling x8  
  183  11:33  Ravager  
  183  11:37  Ravager  
  183  11:39  Ravager, Zergling x12  
  192  11:43  Zergling x6  
  195  11:48  Ravager  
  195  11:49  Zergling x6  
  199  11:56  Hydralisk  
  198  12:04  Hatchery  
Tags
 
Add a new tag
Caveats
  • Supply blocks, unpowered buildings, or Contaminate may cause inaccurate times.
  • Supply counts are checked every 10 seconds.